Unix NetHack Version 5.0.0-0 post-release - last build Jul 19 2026 19:10:59 (3aa4ab31751d3886436d94b585a96704892fd477,branch:main).

Game began 2026-07-29 21:32:22, ended 2026-07-30 01:06:13.

HumaRuntu, lawful female human Samurai

                                                           ---.
                                                          --...-
                                ----------              ---...-
                            -----....*...--- ------------...--|
                            |..........*...---)...)...........--
                      -------..........).......---.----------[.--
                      .m@M.|................)....--|        --..--
                      ---..........*)..............|        |.-..----
                        |--...........)............|        |.......--
                        |..........................---       -.......|
                        ----.(.....-------...........|       |--...---
                           |.......|     |.......|...|       |.....|
                           ---------      ------------       -------
HumaRuntu the Kunoichi  St:18 Dx:15 Co:18 In:9 Wi:9 Ch:7  Lawful
Dlvl:12 $:559 HP:0(79) Pw:18(18) AC:6  Xp:8 T:7480  Hungry   Burdened

Latest messages:
 You are caught in a bear trap.
 You are caught in a bear trap.
 You are caught in a bear trap.
 You are caught in a bear trap.
 You are caught in a bear trap.
 You finally wriggle free.
 You see here a whistle.
 You see here a whistle.
 You have a little trouble lifting g - a whistle.
 What do you want to use or apply? [eglorwBI-KMNTXZ or ?*] g
 You produce a high whistling sound.
 What do you want to drop? [$a-su-zA-Z or ?*] g
 You drop a whistle.
 You swap places with Hachi.
 You swap places with Hachi.
 That strange object is a small mimic!
 The small mimic hits!
 You hit the small mimic!
 You hit the small mimic!
 You are beginning to feel hungry.
 The giant mummy hits!
 The giant mummy hits again!
 You hit the small mimic!
 The giant mummy hits!
 The giant mummy hits again!
 The giant mummy knocks you back with a forceful blow!
 You bump into a small mimic.
 You hit the small mimic!
 The giant mummy hits!
 The giant mummy hits again!
 The giant mummy hits!
 The giant mummy hits again!
 What do you want to drink? [fjkqxACGHMSUW or ?*] *
 You feel better.
 The giant mummy hits!
 The giant mummy hits again!
 What do you want to zap? [erJKX or ?*] *
 In what direction? l
 The magic missile misses the giant mummy.
 The magic missile bounces!
 The magic missile hits the giant mummy.
 The magic missile hits you!
 The giant mummy hits!
 The giant mummy hits again!
 You die...
 Do you want your possessions identified? [ynq] (y) y
 Do you want to see your attributes? [ynq] (y) y
 Do you want an account of creatures vanquished? [ynaq] (y) y
 Do you want to see your conduct and achievements? [ynq] (y) y
 Do you want to see the dungeon overview? [ynq] (y) y

Inventory:
 Coins    ('$')
  $ - 559 gold pieces
 Weapons  (')')
  d - 13 +0 ya (in quiver)
  c - a +0 yumi (alternate weapon; not wielded)
  a - a blessed +0 katana (weapon in right hand)
  b - a +0 wakizashi
 Armor    ('[')
  h - an uncursed +0 orcish helm (being worn)
  y - an uncursed +0 pair of water walking boots (being worn)
  m - an uncursed +0 shield of drain resistance (being worn)
  D - an uncursed +0 elven cloak (being worn)
 Comestibles  ('%')
  s - an uncursed slime mold
  V - an uncursed fortune cookie
  n - 3 uncursed gunyoki
  i - a cursed gunyoki
  v - 2 uncursed lembas wafers
  Y - an uncursed lizard corpse
 Scrolls  ('?')
  p - an uncursed scroll of charging
  z - an uncursed scroll of confuse monster
  F - a cursed scroll of confuse monster
  R - an uncursed scroll of enchant weapon
  O - an uncursed scroll of food detection
  Q - an uncursed scroll of magic mapping
  E - a cursed scroll of magic mapping
  L - a cursed scroll of stinking cloud
  P - an uncursed scroll of taming
 Spellbooks  ('+')
  w - an uncursed spellbook of magic missile
 Potions  ('!')
  k - 2 uncursed potions of full healing
  C - a blessed potion of gain energy
  q - an uncursed potion of healing
  S - 2 blessed potions of invisibility
  j - an uncursed potion of invisibility
  H - an uncursed potion of object detection
  M - 2 uncursed potions of oil
  x - an uncursed potion of restore ability
  A - a cursed potion of sake
  W - an uncursed potion of sickness
  G - a cursed potion of sleeping
  U - a cursed potion of speed
  f - an uncursed potion of water
 Rings    ('=')
  u - an uncursed ring of teleport control named teleport control? (on left hand)
 Wands    ('/')
  r - a wand of create monster (0:14)
  X - a wand of magic missile (0:1)
  J - a wand of striking (0:7)
  e - a wand of striking (0:4)
  K - a wand of teleportation (0:6)
 Tools    ('(')
  l - an uncursed bag of holding containing 6 items
  B - a magic koto (0:6)
  o - an expensive camera (0:62)
  Z - an uncursed oil lamp
  N - an uncursed osaku
  T - a +0 unicorn horn
  I - an uncursed partly used wax candle (lit)

Contents of the bag of holding:
  an uncursed spellbook of detect monsters
  an uncursed spellbook of detect treasure
  an uncursed spellbook of magic missile
  an uncursed spellbook of sleep
  an uncursed spellbook of sleep
  an uncursed brass lantern

HumaRuntu the Samurai's attributes:

Background:
 You were a Kunoichi, a level 8 female human Samurai.
 You were lawful, on a mission for Amaterasu Omikami
 who was opposed by Raijin (neutral) and Susanowo (chaotic).
 You were right-handed.
 You were in the Gnomish Mines, on level 12.
 You entered the dungeon 7480 turns ago.
 It was nighttime.
 There was a full moon in effect when your adventure ended.
 You had 2531 experience points, 29 more were needed to attain level 9.

Basics:
 You had 0 out of 79 hit points.
 You had all 18 energy points (spell power).
 Your armor class was 6.
 Your wallet contained 559 zorkmids.
 Autopickup was on for '$?!/="+' plus thrown.

Final Characteristics:
 Your strength was 18 (limit:18/100).
 Your dexterity was 15 (limit:18).
 Your constitution was 18 (limit:18).
 Your intelligence was 9 (limit:18).
 Your wisdom was 9 (limit:18).
 Your charisma was 7 (limit:18).

Final Status:
 You were hungry.
 You were burdened; movement was slightly slowed.
 You were wielding a long sword.
 You had expert skill with long sword.

Final Attributes:
 You were piously aligned.
 You were poison resistant.
 You were level-drain resistant.
 You were stealthy.
 You had teleport control.
 You could walk on water.
 You were warded.
 You were fast.
 You were lucky.
 You are dead.

Miscellaneous:
 You didn't encounter any bones levels.
 Total elapsed playing time was 3 hours, 33 minutes and 39 seconds.

Major events:
 Turn
    1: HumaRuntu the lawful female human Samurai entered the dungeon
  481: attained the rank of Ronin (level 3)
 1519: attained the rank of Kunoichi (level 6)
 2318: entered the Gnomish Mines
 4705: reached Mine Town
 7480: killed by a giant mummy

Spells:
 Name                 Level Category     Fail Retention
 sleep                  3   enchantment  100%  76%-100%

Skills:
 Fighting Skills
   martial arts      [Basic]
   two weapon combat [Unskilled]
   riding            [Unskilled]
 Weapon Skills
   dagger            [Unskilled]
   knife             [Unskilled]
   short sword       [Basic]
   broadsword        [Unskilled]
   long sword        [Expert]
   two-handed sword  [Unskilled]
   saber             [Unskilled]
   flail             [Unskilled]
   quarterstaff      [Unskilled]
   polearms          [Unskilled]
   spear             [Unskilled]
   lance             [Unskilled]
   bow               [Basic]
   shuriken          [Unskilled]
 Spellcasting Skills
   attack spells     [Unskilled]
   divination spells [Unskilled]
   clerical spells   [Unskilled]

Voluntary challenges:
 Character rerolling was not enabled.
 You never genocided any monsters.
 You never polymorphed an object.
 You used no wishes.
Achievements:
 You entered a shop.
 You attained the rank of Ronin.
 You attained the rank of Kunoichi.
 You entered the Gnomish Mines.
 You entered Minetown.
 You entered a temple.

 The Dungeons of Doom: levels 1 to 6
    Level 1:
    Level 2:
       A general store.
    Level 3:
    Level 4:
       Some fountains.
       Stairs down to The Gnomish Mines.
    Level 5:
    Level 6:
       An armor shop.
 The Gnomish Mines: levels 5 to 12
    Level 5:
    Level 6:
    Level 7:
    Level 8:
       Many shops, a temple and an altar, many fountains.
    Level 9:
    Level 10:
    Level 11:
    Level 12: <- You were here.
       Final resting place for
          you, killed by a giant mummy.


Vanquished creatures:
  a small mimic
  a xan
  a freezing sphere
 an elf mummy
  a human mummy
  2 soldiers
  a quivering blob
  3 wolves
  a giant spider
  a black light
  2 gnome rulers
  2 dwarf mummies
  a yeti
  2 lizards
  2 blue jellies
  a black unicorn
  a dust vortex
  a snake
  2 apes
  a bugbear
  a quasit
  a water nymph
  8 Uruk-hai
  2 orc shamans
  a rock piercer
  2 ponies
 12 fog clouds
  2 yellow lights
  a violet fungus
 17 gnome leaders
  6 gnomish wizards
  2 gray oozes
  3 giant ants
  3 floating eyes
  a kitten
 15 dwarves
  a homunculus
  a kobold leader
  4 rothes
  3 centipedes
  2 giant bats
  a werejackal
  3 iguanas
  2 acid blobs
  3 coyotes
  6 hobbits
  2 large kobolds
  2 hobgoblins
  2 giant rats
  a cave spider
  2 brown molds
  a green mold
 62 gnomes
  3 geckos
  3 jackals
  a fox
  3 kobolds
  3 goblins
  a sewer rat
  6 grid bugs
  3 bats
  2 lichens
  a kobold zombie
  7 newts
236 creatures vanquished.

No species were genocided or became extinct.

Game over:
                       ----------
                      /          \
                     /    REST    \
                    /      IN      \
                   /     PEACE      \
                  /                  \
                  |    HumaRuntu     |
                  |      559 Au      |
                  |   killed by a    |
                  |   giant mummy    |
                  |                  |
                  |                  |
                  |       2026       |
                 *|     *  *  *      | *
        _________)/\\_//(\/(/\)/\//\/|_)_______

Sayonara HumaRuntu the Samurai...

You died in The Gnomish Mines on dungeon level 12 with 11208 points,
and 559 pieces of gold, after 7480 moves.
You were level 8 with a maximum of 79 hit points when you died.

